 Dungeon Crawl Stone Soup version 0.30.1-4-g462c640d31 (webtiles) character file.

Game seed: 3492327555389868438

119 Ivernyr the Ducker (level 5, -3/40 HPs)
             Began as a Djinni Fire Elementalist on Sept 15, 2023.
             Slain by Grinder (9 damage)
             ... on level 3 of the Dungeon.
             The game lasted 00:07:39 (2021 turns).

Ivernyr the Ducker (Djinni Fire Elementalist)       Turns: 2021, Time: 00:07:40

Health: -3/40      AC:  2    Str:  7    XL:     5   Next: 24%
Gold:   57         EV: 13    Int: 19    God:
                   SH:  0    Dex: 13

rFire   + + .        b - +2 dagger (venom)
rCold   x . .        (no shield)
rNeg    + . .        a - +0 robe
rPois   ∞            (no helmet)
rElec   .            (no cloak)
rCorr   .            (no gloves)
SInv    .            (boots unavailable)
Will    .....        (no amulet)
Stlth   ++           l - ring of positive energy
HPRegen 0.26/turn    (no ring)
MPRegen 0.00/turn

%: infuse magic (-4 HP)
@: flying
A: sickness immunity, fire resistance 2, cold vulnerability 1, float, innate
caster, HP casting, extra vitality 1
a: no special abilities


You were on level 3 of the Dungeon.
You visited 1 branch of the dungeon, and saw 3 of its levels.

You collected 57 gold pieces.

Inventory:

Hand Weapons
 b - a +2 dagger of venom (weapon)
Armour
 a - a +0 robe (worn)
Jewellery
 l - a ring of positive energy (left hand)
Scrolls
 c - a scroll of enchant armour {unknown}
 d - 3 scrolls of identify {unknown}
 e - a scroll of immolation {unknown}
 f - a scroll of noise {unknown}
 g - 2 scrolls of enchant weapon {unknown}
 h - a scroll of summoning {unknown}
 i - a scroll of teleportation {unknown}
Potions
 j - 3 potions of degeneration {unknown}
 k - a potion of ambrosia {unknown}


   Skills:
 * Level 3.0 Fighting
 + Level 3.2 Dodging
 - Level 1.5 Stealth
 + Level 3.0 Spellcasting


You knew the following spells:

 Your Spells              Type           Power      Damage    Failure   Level
a - Foxfire               Conj/Fire      56%        2x1d6     4%          1
b - Scorch                Fire           28%        2d6       7%          2
c - Volatile Blastmotes   Fire/Tloc      28%        2d12      13%         3
d - Inner Flame           Hex/Fire       14%        N/A       13%         3
e - Flame Wave            Conj/Fire      14%        2d6       41%         4
f - Magic Dart            Conj           56%        1d5       4%          1
g - Passwall              Tmut/Erth      11%        N/A       7%          2
Your spell library was empty.

Dungeon Overview and Level Annotations

Branches:
Dungeon (3/15)

Altars:

Shops:
D:1 :   D:2 :(

Annotations:
D:2 2 transporters
D:3 Grinder


Innate Abilities, Weirdness & Mutations

You are immune to sickness and miasma.
You are immune to poison.
Your flesh is very heat resistant. (rF++)
You are vulnerable to cold. (rC-)
You float through the air rather than walking.
You learn spells naturally, not from books.
Your magical power is your life essence.
You have superior vitality. (+4 MHP)


Message History

The hound is lightly wounded.
The hound bites you. The hound misses you.
The gnoll hits the bush but does no damage.
Grinder blinks!
Casting: Foxfire (safe; 4% risk of failure)
Confirm with . or Enter, or press ? or * to list all spells.
You conjure some foxfire!
The foxfire hits the hound.
The hound is heavily wounded.
The hound pauses to sniff the ground.
The hound bites you. The hound closely misses you.
The gnoll hits the bush but does no damage.
The hound bites you. The hound closely misses you.
The foxfire hits the hound.
The hound is lightly wounded.
The hound bites you but does no damage.
Casting: Foxfire (safe; 4% risk of failure)
Confirm with . or Enter, or press ? or * to list all spells.
You conjure some foxfire!
The hound bites you. x2; The foxfire hits the gnoll.
The gnoll is lightly wounded.
Grinder blinks!
The hound bites you. x2
Your foxfire dissipates!
Grinder gestures at you.
You are unaffected.
Casting: Foxfire (safe; 4% risk of failure)
Confirm with . or Enter, or press ? or * to list all spells.
Aiming: Passwall (safe; 7% risk of failure)
Press: ? - help, Dir - move target You can't see that place. [the floor.]
The hound misses you. Grinder closely misses you. The hound bites you.
* * * LOW HITPOINT WARNING * * *
You begin to meditate on the wall.
You continue meditating on the rock.
The hound bites you.
* * * LOW HITPOINT WARNING * * *
Grinder misses you.
You continue meditating on the rock.
The hound bites you.
* * * LOW HITPOINT WARNING * * *
Grinder hits you!
You die...

.....# .....#
...##########
............######
................>#
[...#######.####.#
......# #.# #.#
##....# #.# #5#
#....# #.# #@# #....#
#.####h#### ##....###
#.#...hg..# ........#
#.#..P.P..#
........##...###'####
........###. ..+
........#### ...#
............ #...+
.###.####### #####


You could see Grinder, 2 hounds and a gnoll.

Vanquished Creatures
  An iguana (D:3)
  4 adders
  3 worms
  A dart slug (D:3)
  5 bats
  5 endoplasms
  A giant cockroach (D:1)
  3 goblins
  3 hobgoblins
  4 kobolds
  3 quokkas
  3 ball pythons
  4 frilled lizards
  6 rats
46 creatures vanquished.

Vanquished Creatures (others)
  151 foxfires
151 creatures vanquished.

Grand Total: 197 creatures vanquished

Notes
Turn   | Place    | Note
-------+----------+-------------------------------------------
     0 | D:1      | Ivernyr the Djinni Fire Elementalist began the quest for
                  | the Orb.
     0 | D:1      | Ivernyr set off with the following spells memorised:
                  | Foxfire, Scorch, Volatile Blastmotes, Inner Flame, Flame
                  | Wave.
     0 | D:1      | Reached XP level 1. HP: 15/15 MP: 0/0
    55 | D:1      | Reached XP level 2. HP: 20/22 MP: 0/0
    67 | D:1      | Reached skill level 1 in Fighting
   261 | D:1      | Found a faded altar of an unknown god.
   335 | D:1      | Found Rupyck's Book Boutique.
   578 | D:2      | Reached XP level 3. HP: 26/28 MP: 0/0
   578 | D:2      | Learned a level 1 spell: Magic Dart
   629 | D:2      | Found Huypu's Antique Weapon Boutique.
   709 | D:2      | Identified the +2 chain mail "Xexubix" {Str+6 Dex+4 Slay-5}
   892 | D:2      | Reached XP level 4. HP: 25/33 MP: 0/0
  1021 | D:2      | Found a transporter.
  1021 | D:2      | Found Qighiu's Book Shop.
  1024 | D:2      | Found a transporter.
  1878 | D:3      | Reached XP level 5. HP: 36/40 MP: 0/0
  1878 | D:3      | Learned a level 2 spell: Passwall
  2011 | D:3      | Noticed Grinder
  2021 | D:3      | Slain by Grinder

Illustrated notes

Levels and vault maps discovered:
D:1:      psy_arrival_basics, layout_rooms,
          shapermc_ecumenical_altar_flowoftime, serial_shops, shop
D:2:      layout_basic, serial_shops, nicolae_shop_drivethru, shop,
          st_stairs_13, amethyst_killhole
D:3:      layout_basic, nicolae_overflow_two_pavilions, cheibrodos_gnoll_hut,
          uniq_grinder

Skill      XL: |  1  2  3  4 |
---------------+-------------+-----
Fighting       | 1 2 3 |  3.0
Dodging        | 3 |  3.2
Spellcasting   | 3 |  3.0
Stealth        | |  1.5

Action                     |  1- 3 |  4- 6 || total
---------------------------+-------+-------++-------
  Melee: Dagger            |     5 |     1 ||     6
   Cast: Foxfire           |    42 |    55 ||    97
         Scorch            |     1 |     2 ||     3
         Passwall          |       |     1 ||     1
 Armour: Robe              |     2 |     2 ||     4
  Dodge: Dodged            |     6 |    13 ||    19
